 Dungeon Crawl Stone Soup version 0.30-a0-177-g1cb5dbfd7a (webtiles) character file.

Game seed: 6011847943609678709

66798 quinnr the Gelid (level 15, -8/134 HPs)
             Began as a Naga Ice Elementalist on Oct 2, 2022.
             Was the Champion of Cheibriados.
             Shot with an arrow by a centaur warrior (19 damage)
             ... on level 13 of the Dungeon.
             The game lasted 01:28:26 (26703 turns).

quinnr the Gelid (Naga Ice Elementalist)           Turns: 26703, Time: 01:28:27

Health: -8/134     AC:  9    Str: 26    XL:     15   Next: 21%
Magic:  4/34       EV: 32    Int: 43    God:    Cheibriados [******]
Gold:   1646       SH:  0    Dex: 29    Spells: 4/28 levels left

rFire   + . .      SeeInvis +    w - +4 dagger "Domer" {elec, rC+ Dex+6}
rCold   + + .      Faith    .    (no shield)
rNeg    . . .      Spirit   .    N - +0 robe of the Nexus {rElec rF+ Dex-3}
rPois   +          Reflect  .    e - +0 helmet of Kindness {Dex+3}
rElec   +          Harm     .    j - +1 cloak
rCorr   .          Rampage  .    (no gloves)
Will    +....                    (no barding)
Stlth   ++++......               C - amulet of Hesamerimm {Acrobat rC+ Regen+ Dex-4 Slay+3}
HPRegen 1.22/turn                I - +6 ring of intelligence
MPRegen 0.24/turn                M - ring of magical power

@: acrobatic, studying Ranged Weapons, very slow
A: AC +5, large, see invisible, deformed body, poison resistance, slowness 2,
spit poison 1, naga tail 2
a: Spit Poison, Renounce Religion, Bend Time, Temporal Distortion, Slouch, Step
From Time


You were on level 13 of the Dungeon.
You worshipped Cheibriados.
Cheibriados was exalted by your worship.
You visited 2 branches of the dungeon, and saw 18 of its levels.

You collected 1646 gold pieces.


Innate Abilities, Weirdness & Mutations

Your serpentine skin is tough. (AC +5)
You have supernaturally acute eyesight. (SInv)
Armour fits poorly on your strangely shaped body.
Your system is resistant to poisons. (rPois)
You cover ground very slowly.
You can spit poison.
You can use your snake-like lower body to constrict enemies.


   Skills:
 + Level 8.6 Fighting
 + Level 8.1 Dodging
 - Level 5.0 Stealth
 + Level 7.0 Spellcasting
 - Level 9.0 Conjurations
 - Level 6.0 Summonings
 + Level 7.2 Necromancy
 + Level 16.6 Ice Magic
 + Level 5.8 Invocations
 - Level 6.0 Evocations


You had 4 spell levels left.
You knew the following spells:

 Your Spells              Type           Power      Damage    Failure   Level
b - Summon Ice Beast      Ice/Summ       85%        N/A       1%          4
c - Ice Form              Ice/Tmut       72%        N/A       1%          4
f - Freeze                Ice            100%       1d11      0%          1
o - Ozocubu's Armour      Ice            100%       N/A       0%          3
r - Frozen Ramparts       Ice            100%       1d16      0%          3
s - Simulacrum            Ice/Necr       43%        N/A       2%          6
X - Hailstorm             Conj/Ice       90%        3d18      1%          3

Your spell library contained the following spells:

 Spells                   Type           Power      Damage    Failure   Level
 Foxfire                  Conj/Fire      100%       2x1d9     1%          1
 Slow                     Hex            60%        N/A       1%          1
 Cigotuvi's Dreadful Rot  Necr/Pois/Air  70%        N/A       1%          2
 Dazzling Flash           Conj/Hex       100%       N/A       1%          3
 Vampiric Draining        Necr           67%        2d10      1%          3
 Poisonous Vapours        Pois/Air       30%        N/A       3%          2
 Scorch                   Fire           30%        2d7       3%          2
 Flame Wave               Conj/Fire      52%        2d13      3%          4
 Confusing Touch          Hex            15%        N/A       6%          3
 Leda's Liquefaction      Hex/Erth       7%         N/A       19%         4
 Agony                    Necr           67%        N/A       2%          5
 Fireball                 Conj/Fire      26%        3d12      9%          5
 Summon Cactus Giant      Summ           30%        N/A       26%         6
 Starburst                Conj/Fire      26%        6d8       43%         6
 Lee's Rapid Deconstruct  Erth           7%         3d8*      47%         5
 Silence                  Hex/Air        7%         N/A       47%         5
 Statue Form              Tmut/Erth      10%        N/A       96%         6

Inventory:

Hand Weapons
 w - the +4 dagger "Domer" (weapon) {elec, rC+ Dex+6}
   (You found it on level 4 of the Dungeon)

   It occasionally discharges a powerful burst of electricity upon striking a
   foe.
   Dex:       It affects your dexterity (+6).
   rC:        It protects you from cold.
 K - a +2 dagger of holy wrath
 O - the +12 quarterstaff of Mourning {flame, *Rage rF+ Str+2}
   (You found it on level 2 of the Lair of Beasts)

   It burns those it strikes, dealing additional fire damage.
   Str:       It affects your strength (+2).
   rF:        It protects you from fire.
   *Rage:     It berserks you when you make melee attacks (+20% chance).
Missiles
 n - 5 curare-tipped darts {=f}
 o - 4 throwing nets {=f}
Armour
 e - the +0 helmet of Kindness (worn) {Dex+3}
   (You found it on level 1 of the Dungeon)

   Dex:       It affects your dexterity (+3).
 j - a +1 cloak (worn)
 x - a +0 tower shield
 E - a +0 barding
 N - the +0 robe of the Nexus (worn) {rElec rF+ Dex-3}
   (You found it on level 5 of the Lair of Beasts)

   Dex:       It affects your dexterity (-3).
   rF:        It protects you from fire.
   rElec:     It insulates you from electricity.
 W - the +0 pair of gloves of Haitrot {rElec Will- Str+3}
   (You found it on level 5 of the Lair of Beasts)

   Str:       It affects your strength (+3).
   rElec:     It insulates you from electricity.
   Will:      It decreases your willpower.
Magical Staves
 c - a staff of fire {!a}
 q - a staff of air {!a}
Jewellery
 i - a +6 ring of intelligence
 C - the amulet of Hesamerimm (around neck) {Acrobat rC+ Regen+ Dex-4 Slay+3}
   (You acquired it on level 1 of the Lair of Beasts)

   [amulet of the acrobat]

   It increases your evasion while moving and waiting.
   Dex:       It affects your dexterity (-4).
   Slay:      It affects your accuracy & damage with ranged weapons and melee
   (+3).
   rC:        It protects you from cold.
   Regen:     It increases your rate of health regeneration.
 F - a ring of fire
 I - a +6 ring of intelligence (left hand)
 M - a ring of magical power (right hand)
Wands
 a - a wand of mindburst (6)
 B - a wand of digging (7)
 J - a wand of paralysis (12)
 P - a wand of roots (14)
 S - a wand of flame (9)
 Z - a wand of quicksilver (5)
Scrolls
 g - 3 scrolls of noise
 m - 4 scrolls of magic mapping
 p - a scroll of amnesia
 u - 8 scrolls of vulnerability
 y - 5 scrolls of summoning {unknown}
 z - 2 scrolls of immolation
 G - 4 scrolls of enchant armour
 H - 8 scrolls of teleportation {@r2}
 L - 2 scrolls of torment
 V - a scroll of fog
 X - 4 scrolls of poison
 Y - 2 scrolls of enchant weapon {unknown}
Potions
 b - 3 potions of magic
 d - 6 potions of haste {@q3}
 f - 7 potions of curing {@q1}
 h - 3 potions of cancellation
 k - 3 potions of brilliance
 l - 4 potions of flight
 r - 2 potions of heal wounds {@q2}
 s - a potion of berserk rage {!q}
 t - 2 potions of ambrosia
 v - 2 potions of resistance
 A - 2 potions of mutation
 D - 2 potions of attraction
 Q - 4 potions of might
 U - 3 potions of lignification
Miscellaneous
 T - a phantom mirror (inert)

Dungeon Overview and Level Annotations

Branches:
Dungeon (13/15)            Temple (0/1) D:5            Lair (5/5) D:10
  Swamp (0/4) Lair:2       Spider (0/4) Lair:3        Slime (0/5) Lair:4
    Orc (0/2) D:10         Vaults (0/5) D:13

Altars:
Cheibriados
Dithmenos
Fedhas
Kikubaaqudgha
Nemelex Xobeh
Qazlal
Ru
Trog
Uskayaw
Vehumet
Yredelemnul
Zin

Shops:
D:9 =   D:10 (

Annotations:
D:10 dig_hydra
Lair:1 1 runed translucent door

#p#....#.. #c#c.###
#....# # .##...#
....#..§###
...........###
...........#...#
.......#.......###
..........###@...##
..........# ###...#
..........######..##
..........#<(.##...#####
..........###)#.........
...)><...".......#...###
....<∩....####...+......
..........# #...###.###
..........# ##### .#


You could see a centaur warrior and a centaur.


Message History

Okay, then.
Your icy armour will break if you move.
Continue?
Your icy armour cracks and falls away as you move.
The centaur warrior shoots an arrow.
The arrow hits you!
* * * LOW HITPOINT WARNING * * *
The centaur warrior shoots an arrow.
The arrow hits you!
* * * LOW HITPOINT WARNING * * *
The centaur warrior shoots an arrow.
The arrow barely misses you.
The centaur warrior shoots an arrow.
The arrow hits you!
* * * LOW HITPOINT WARNING * * *
The centaur warrior shoots an arrow.
The arrow completely misses you.
The death knight offers itself to Yredelemnul, and fills with unholy energy.
Casting: Ozocubu's Armour (safe; 0% risk of failure)
Confirm with . or Enter, or press ? or * to list all spells.
A chill wind blows around you.
The centaur warrior shoots an arrow.
The arrow hits you!
* * * LOW HITPOINT WARNING * * *
The centaur warrior shoots an arrow.
The arrow hits your ice beast!!
The centaur warrior shoots an arrow.
The arrow closely misses your ice beast.
The arrow completely misses you.
The centaur warrior shoots an arrow.
The arrow hits your ice beast!!
The centaur warrior shoots an arrow.
The arrow hits your ice beast!
Your ice beast dies!
Your ice beast disappears in a puff of smoke!
The centaur warrior shoots an arrow.
The arrow hits you!
* * * LOW HITPOINT WARNING * * *
Unknown command.
The centaur warrior shoots an arrow.
The arrow hits you!!
You die...

Skill      XL: |  1  2  3  4  5  6  7  8  9 10 11 12 13 14 15 |
---------------+----------------------------------------------+-----
Fighting       | 1 2 3 5 6 8 |  8.6
Ice Magic      | 5 6 7 8 11 14 16 | 16.6
Spellcasting   | 3 4 6 7 |  7.0
Summonings     | 2 3 4 6 |  6.0
Dodging        | 2 3 4 5 7 8 |  8.1
Conjurations   | 3 4 7 9 |  9.0
Stealth        | 5 |  5.0
Invocations    | 4 5 |  5.8
Necromancy     | 6 7 |  7.2
Evocations     | 4 6 |  6.0

Action                   |  1- 3 |  4- 6 |  7- 9 | 10-12 | 13-15 || total
-------------------------+-------+-------+-------+-------+-------++-------
Melee: Unarmed           |     6 |     1 |       |       |   181 ||   188
       Spear             |       |    17 |       |       |       ||    17
       Dagger            |       |       |    64 |   166 |   156 ||   386
       Staff             |       |       |     2 |       |       ||     2
       Punch             |       |       |     1 |     5 |     2 ||     8
       Constrict         |       |       |       |       |    53 ||    53
Throw: Dart              |       |       |       |     1 |       ||     1
 Cast: Freeze            |    41 |    18 |    38 |    67 |    44 ||   208
       Frozen Ramparts   |     4 |    25 |    41 |    46 |    49 ||   165
       Summon Ice Beast  |       |     1 |    14 |    39 |    59 ||   113
       Ozocubu's Armour  |       |       |     9 |    31 |    51 ||    91
       Hailstorm         |       |       |    11 |    27 |    29 ||    67
       Simulacrum        |       |       |       |       |    97 ||    97
       Ice Form          |       |       |       |       |    29 ||    29
Invok: Bend Time         |       |       |       |       |     1 ||     1
 Abil: Spit Poison       |       |     3 |     4 |     5 |     1 ||    13
Evoke: Wand              |       |       |       |       |    11 ||    11
       Phantom mirror    |       |       |       |       |     1 ||     1
  Use: Scroll            |     3 |     3 |     5 |    12 |    11 ||    34
       Potion            |       |       |       |     5 |     2 ||     7
 Stab: Distracted        |       |       |     1 |     4 |     2 ||     7
       Sleeping          |       |       |       |       |     3 ||     3
       Petrified         |       |       |       |       |     2 ||     2
Armor: Robe              |     7 |    14 |    36 |       |    37 ||    94
       Steam dragon scal |       |       |     9 |   155 |    97 ||   261
       Skin              |       |       |       |     2 |    78 ||    80
Dodge: Dodged            |    10 |    16 |    45 |   212 |   450 ||   733

Levels and vault maps discovered:
D:1:      dpeg_arrival_short_road, layout_basic,
          hellmonk_ecumenical_altar_lost_god
D:2:      layout_basic, minmay_pentomino_t4
D:3:      layout_basic, lemuel_coloured_pillars_altar
D:4:      layout_loops_ring, eat_drink_and_be_merry_uskayaw,
          nicolae_ru_the_path_less_chosen, minmay_misc_feat_diagonals
D:5:      layout_basic, grunt_temple_overflow_forces_of_nature,
          mainiacjoe_overflow_paths, minmay_temple_entry_arrows
D:6:      layout_basic
D:7:      layout_basic, yredelemnul_altar_generic,
          nicolae_dithmenos_through_a_glass_darkly, minmay_manual_moon,
          uniq_maggie
D:8:      minmay_the_grid_octo_tiled_squarecenter [minmay_the_grid_octo_chip,
          minmay_the_grid_octo_toaster, minmay_the_grid_octo_clover,
          minmay_the_grid_octo_thin_diamonds,
          minmay_the_grid_square_5x5_megaprize_hollow,
          minmay_the_grid_square_5x5_eight,
          minmay_the_grid_square_5x5_gyroscope,
          minmay_the_grid_square_5x5_three, minmay_the_grid_square_5x5_forky],
          layout_cave_pools, gammafunk_temple_overflow_forgotten,
          lemuel_tele_altar, serial_glass, glass_columns_a, glass_columns_b,
          uniq_erica
D:9:      layout_big_octagon, serial_shops, shop_statue, gammafunk_ghost_grave,
          uniq_erolcha
D:10:     layout_gridville, erik_lair_dragon, david_orc_3,
          doesnt_shop_hydraphobe
D:11:     layout_gridville, uniq_urug, uniq_maurice, uniq_sonja
D:12:     layout_gridville
D:13:     minmay_bad_star, layout_basic, david_vaults_3, minmay_circle_x,
          uniq_frances
Lair:1:   gammafunk_lair_enchanted_lake, layout_chaotic_city,
          minmay_lair_oklob_bushes, lemuel_old_faithful
Lair:2:   layout_regular_city, swamp_mist, st_stairs_4
Lair:3:   layout_chaotic_city, nicolae_spider_entry_tight_spaces,
          amcnicky_mini_pool_medium
Lair:4:   layout_misc_corridors, dpeg_slime_entry_enclosed, uniq_nessos
Lair:5:   hangedman_lair_caniforms_friends, layout_loops_ring,
          hangedman_lair_tendril_chambers

Notes
Turn   | Place    | Note
-------+----------+-------------------------------------------
     0 | D:1      | quinnr the Naga Ice Elementalist began the quest for the
                  | Orb.
     0 | D:1      | Reached XP level 1. HP: 15/15 MP: 3/3
   136 | D:1      | Reached skill level 1 in Fighting
   136 | D:1      | Reached XP level 2. HP: 25/25 MP: 3/5
   399 | D:1      | Identified the +0 helmet of Kindness {Dex+3}
   491 | D:1      | Found a faded altar of an unknown god.
   577 | D:1      | Reached XP level 3. HP: 29/31 MP: 1/6
   759 | D:1      | Learned a level 3 spell: Frozen Ramparts
  1003 | D:2      | Reached skill level 2 in Fighting
  1278 | D:2      | Reached XP level 4. HP: 30/39 MP: 0/7
  2192 | D:2      | Reached skill level 5 in Ice Magic
  2459 | D:3      | Learned a level 4 spell: Summon Ice Beast
  2729 | D:3      | Reached XP level 5. HP: 45/45 MP: 5/9
  2787 | D:3      | You fall into a shaft and drop 3 floors!
  2869 | D:6      | Noticed an orc warrior
  2885 | D:6      | Reached skill level 3 in Spellcasting
  2885 | D:6      | Reached skill level 1 in Summonings
  2901 | D:5      | Entered Level 5 of the Dungeon
  2901 | D:5      | Found a blossoming altar of Fedhas.
  2951 | D:5      | Noticed an ice beast
  2981 | D:5      | Noticed an ogre
  3026 | D:5      | Killed an ice beast
  3027 | D:5      | Reached skill level 2 in Summonings
  3027 | D:5      | Reached XP level 6. HP: 52/52 MP: 6/10
  3207 | D:5      | Found a stormy altar of Qazlal.
  3262 | D:5      | Reached skill level 6 in Ice Magic
  3305 | D:5      | Noticed a troll
  3336 | D:5      | Reached skill level 3 in Summonings
  3512 | D:5      | Reached XP level 7. HP: 60/60 MP: 6/11
  3664 | D:4      | Reached skill level 7 in Ice Magic
  3894 | D:3      | Found a snail-covered altar of Cheibriados.
  3964 | D:3      | Became a worshipper of Cheibriados the Contemplative
  4335 | D:4      | Found a sacrificial altar of Ru.
  4385 | D:4      | Found a hide-covered altar of Uskayaw.
  4478 | D:4      | Identified the +4 dagger "Domer" {elec, rC+ Dex+6}
  4664 | D:4      | Reached * piety under Cheibriados
  4757 | D:4      | Reached skill level 2 in Dodging
  5344 | D:4      | Found a sacrificial altar of Ru.
  5478 | D:4      | Learned a level 3 spell: Ozocubu's Armour
  5607 | D:4      | Found a hide-covered altar of Uskayaw.
  5916 | D:5      | Reached XP level 8. HP: 67/67 MP: 2/13
  6072 | D:5      | Found a bloodstained altar of Trog.
  6189 | D:5      | Found a staircase to the Ecumenical Temple.
  6601 | D:5      | Learned a level 3 spell: Hailstorm
  6831 | D:5      | Reached skill level 4 in Summonings
  6940 | D:6      | Reached ** piety under Cheibriados
  6956 | D:6      | Reached skill level 4 in Spellcasting
  6956 | D:6      | Reached skill level 1 in Conjurations
  7131 | D:6      | Reached skill level 3 in Dodging
  7168 | D:6      | Reached skill level 2 in Conjurations
  7168 | D:6      | Reached skill level 8 in Ice Magic
  7708 | D:6      | Identified the +5 ring mail of Mental Paralysis {rElec
                  | rPois rN+++ Dex-3}
  8187 | D:7      | Found a shadowy altar of Dithmenos.
  8208 | D:7      | Reached skill level 3 in Conjurations
  8210 | D:7      | Reached XP level 9. HP: 73/73 MP: 2/15
  8345 | D:7      | Noticed Maggie
  8355 | D:7      | Killed Maggie
  8356 | D:7      | Reached skill level 4 in Dodging
  8356 | D:7      | Reached skill level 4 in Conjurations
  8356 | D:7      | Reached skill level 9 in Ice Magic
  8681 | D:7      | Noticed a troll
  8685 | D:7      | Noticed a troll
  8690 | D:7      | Killed a troll
  8690 | D:7      | Reached *** piety under Cheibriados
  8691 | D:7      | Reached skill level 10 in Ice Magic
  8691 | D:7      | Killed a troll
  8865 | D:7      | Found a basalt altar of Yredelemnul.
  8891 | D:7      | Reached skill level 11 in Ice Magic
  9459 | D:8      | Reached XP level 10. HP: 70/80 MP: 9/16
  9514 | D:8      | Identified a potion of resistance
  9617 | D:8      | Reached skill level 12 in Ice Magic
  9778 | D:8      | Reached **** piety under Cheibriados
  9850 | D:8      | Noticed a two-headed ogre
  9858 | D:8      | Killed a two-headed ogre
  9865 | D:8      | Reached skill level 13 in Ice Magic
 10230 | D:8      | Identified the +0 robe of Autotheism {rElec Int-5 Dex+4
                  | SInv}
 10619 | D:8      | Noticed Erica
 10628 | D:8      | Killed Erica
 10629 | D:8      | Reached skill level 14 in Ice Magic
 10629 | D:8      | Reached XP level 11. HP: 59/86 MP: 8/17
 10848 | D:8      | Found a glowing silver altar of Zin.
 10902 | D:8      | Found a radiant altar of Vehumet.
 10902 | D:8      | Found an ancient bone altar of Kikubaaqudgha.
 10902 | D:8      | Found a sparkling altar of Nemelex Xobeh.
 11134 | D:9      | Found Feoshret's Jewellery Boutique.
 11163 | D:9      | Reached ***** piety under Cheibriados
 11183 | D:9      | Reached skill level 15 in Ice Magic
 11482 | D:9      | Noticed Erolcha
 11489 | D:9      | Found a runed translucent door.
 11490 | D:9      | Noticed SigmundSlayer's ghost (novice OpEE)
 12008 | D:9      | Killed Erolcha
 12176 | D:9      | Killed SigmundSlayer's ghost
 12256 | D:10     | Entered Level 10 of the Dungeon
 12289 | D:10     | Found a staircase to the Orcish Mines.
 12303 | D:10     | Reached skill level 16 in Ice Magic
 12432 | D:10     | Found Quogup's Hydra Hut.
 12434 | D:10     | Noticed a six-headed hydra
 12510 | D:10     | Noticed a two-headed ogre
 12516 | D:10     | Killed a two-headed ogre
 13039 | D:10     | Reached skill level 4 in Stealth
 13319 | D:10     | Reached skill level 3 in Fighting
 13410 | D:10     | Reached skill level 5 in Stealth
 13423 | D:10     | Reached XP level 12. HP: 97/97 MP: 2/19
 13559 | D:10     | Found a staircase to the Lair.
 13719 | Lair:1   | Entered Level 1 of the Lair of Beasts
 13733 | Lair:1   | You fall into a shaft and drop 1 floor!
 13754 | Lair:2   | Reached skill level 5 in Spellcasting
 13836 | Lair:2   | Reached skill level 4 in Fighting
 13836 | Lair:2   | Reached skill level 5 in Summonings
 14125 | Lair:2   | Found a staircase to the Swamp.
 14149 | Lair:2   | Reached ****** piety under Cheibriados
 14159 | Lair:2   | Reached skill level 5 in Fighting
 14161 | Lair:2   | Reached skill level 6 in Spellcasting
 14329 | Lair:2   | Identified the +12 quarterstaff of Mourning {flame, *Rage
                  | rF+ Str+2}
 14422 | Lair:2   | Reached skill level 6 in Summonings
 14426 | Lair:2   | Reached skill level 1 in Invocations
 14510 | Lair:2   | Reached skill level 2 in Invocations
 14518 | Lair:2   | Reached skill level 5 in Conjurations
 14518 | Lair:2   | Reached skill level 3 in Invocations
 15012 | Lair:2   | Reached skill level 4 in Invocations
 15251 | Lair:3   | Reached skill level 6 in Conjurations
 15428 | Lair:3   | Reached skill level 7 in Conjurations
 15544 | Lair:3   | HP: 10/103 [komodo dragon (9)]
 15549 | Lair:3   | Gained mutation: You can use your snake-like lower body to
                  | constrict enemies. [Naga growth]
 15549 | Lair:3   | Reached XP level 13. HP: 14/109 MP: 22/22
 15837 | Lair:3   | Found a hole to the Spider Nest.
 15898 | Lair:3   | Reached skill level 8 in Conjurations
 15956 | Lair:3   | Learned a level 6 spell: Simulacrum
 15961 | Lair:3   | Learned a level 4 spell: Ice Form
 16195 | Lair:3   | Reached skill level 1 in Necromancy
 16204 | Lair:3   | Reached skill level 2 in Necromancy
 16596 | Lair:3   | Reached skill level 3 in Necromancy
 16716 | Lair:3   | Reached skill level 9 in Conjurations
 16718 | Lair:3   | Reached skill level 4 in Necromancy
 16952 | Lair:4   | Reached skill level 5 in Necromancy
 17530 | Lair:4   | Found a staircase to the Slime Pits.
 17749 | Lair:5   | Entered Level 5 of the Lair of Beasts
 17760 | Lair:5   | Reached skill level 6 in Necromancy
 17868 | Lair:5   | Reached skill level 1 in Evocations
 18130 | Lair:5   | Reached skill level 2 in Evocations
 18587 | Lair:5   | Reached skill level 6 in Fighting
 18587 | Lair:5   | Reached skill level 3 in Evocations
 18657 | Lair:5   | Reached skill level 5 in Dodging
 19083 | Lair:5   | Reached skill level 4 in Evocations
 19308 | Lair:5   | Reached XP level 14. HP: 121/121 MP: 20/23
 19453 | Lair:5   | Reached skill level 7 in Fighting
 19987 | Lair:5   | Reached skill level 5 in Evocations
 19996 | Lair:5   | Reached skill level 6 in Dodging
 21120 | Lair:5   | Reached skill level 8 in Fighting
 21158 | Lair:5   | Identified the +0 pair of gloves of Haitrot {rElec Will-
                  | Str+3}
 21185 | Lair:5   | Reached skill level 6 in Evocations
 21488 | Lair:5   | Identified the +0 robe of the Nexus {rElec rF+ Dex-3}
 21608 | Lair:1   | Reached skill level 7 in Dodging
 22022 | Lair:1   | Identified a scroll of acquirement
 22022 | Lair:1   | Acquired the amulet of Hesamerimm {Acrobat rC+ Regen+ Dex-4
                  | Slay+3}
 22538 | Lair:1   | Noticed a dire elephant
 22558 | Lair:1   | Found a runed translucent door.
 23892 | D:11     | Noticed Maurice
 23902 | D:11     | Killed Maurice
 24022 | D:11     | Noticed Sonja
 24044 | D:11     | Killed Sonja
 24364 | D:11     | Noticed Urug
 24373 | D:11     | Killed Urug
 25023 | D:12     | Reached skill level 5 in Invocations
 25680 | D:13     | Found a gate to the Vaults.
 25680 | D:13     | Noticed Nessos
 25693 | D:13     | Reached XP level 15. HP: 132/132 MP: 14/25
 26018 | D:13     | Reached skill level 7 in Necromancy
 26135 | D:12     | Reached skill level 8 in Dodging
 26337 | D:12     | Killed Nessos
 26460 | D:13     | Reached skill level 7 in Spellcasting
 26702 | D:13     | HP: 7/134 [centaur warrior/arrow (17)]
 26703 | D:13     | Shot with an arrow by a centaur warrior

Vanquished Creatures
  Nessos (D:12)
  Erolcha (D:9)
  An ogre mage (D:12)
  A centaur warrior (D:13)
  5 two-headed ogres
  The ghost of SigmundSlayer the Digger, a novice OpEE of Jiyva (D:9)
  Sonja (D:11)
  An oklob plant (Lair:1)
  An ugly thing (D:12)
  A slime creature (D:12)
  Maurice (D:11)
  7 elephants
  A guardian serpent (Lair:5)
  A gargoyle (D:10)
  6 black mambas
  Maggie (D:7)
  9 cane toads
  2 unseen horrors (D:11)
  A kobold demonologist (D:11)
  4 komodo dragons
  A freezing wraith (D:12)
  3 rime drakes
  9 polar bears
  3 trolls
  A hornet (D:9)
  4 blink frogs (Lair:2)
  11 wyverns
  3 culicivoras (Lair:3)
  A basilisk (D:12)
  31 yaks
  13 humans
  A wraith (D:12)
  5 steam dragons
  5 redbacks
  2 vampire mosquitoes (D:13)
  2 acid dragons
  9 hell hounds (Lair:5)
  13 water moccasins
  7 orc warriors
  2 ice beasts
  2 sky beasts (D:7)
  7 black bears (Lair:5)
  3 ogres
  10 wolves
  3 phantoms
  A kobold brigand (D:8)
  2 centaurs (D:13)
  A gnoll sergeant (D:8)
  A necrophage (D:8)
  11 bullfrogs
  4 scorpions
  5 wights (D:8)
  A killer bee (D:8)
  3 howler monkeys
  6 orc priests
  6 hounds
  A jelly (D:4)
  A gnoll bouda (D:4)
  2 iguanas (D:4)
  14 orc wizards
  2 hell rats (Lair:5)
  7 gnolls
  11 adders
  A white imp (D:6)
  An ufetubus (D:5)
  4 worms
  5 dart slugs
  33 orcs
  7 bats
  3 endoplasms
  3 giant cockroaches
  8 goblins
  5 hobgoblins
  14 kobolds
  2 quokkas
  7 ball pythons
  6 frilled lizards
  4 rats
  3 bushes (Lair:1)
383 creatures vanquished.

Vanquished Creatures (collateral kills)
  A catoblepas (Lair:5)
  4 hydras
  Erica (D:8)
  A two-headed ogre (D:11)
  Urug (D:11)
  An orc knight (D:13)
  A slime creature (D:12)
  A wolf spider (Lair:5)
  4 cyclopes
  6 black mambas (Lair:5)
  3 elephants (Lair:3)
  9 cane toads
  A rime drake (Lair:4)
  7 komodo dragons
  A troll (D:7)
  3 polar bears
  4 hornets
  A jumping spider (Lair:3)
  2 dream sheep
  4 blink frogs
  16 yaks
  4 basilisks
  3 humans (D:13)
  6 wyverns
  A steam dragon (Lair:1)
  A vampire mosquito (D:13)
  4 wargs (Lair:5)
  8 hell hounds (Lair:5)
  8 water moccasins
  5 black bears
  A sky beast (D:8)
  An orc warrior (D:10)
  9 wolves (Lair:5)
  2 centaurs (D:9)
  2 kobold brigands
  3 bullfrogs
  A gnoll sergeant (D:8)
  A wight (D:8)
  A howler monkey (D:9)
  A lava snake (D:9)
  A jelly (D:6)
  An orc priest (D:10)
  4 orc wizards
  2 hell rats (Lair:5)
  4 gnolls
  A white imp (D:6)
  7 orcs
  5 kobolds
  A fungus (Lair:5)
160 creatures vanquished.

Vanquished Creatures (others)
  66 fungi
  126 plants
  8 toadstools (Lair:1)
  2 withered plants (D:9)
202 creatures vanquished.

Grand Total: 745 creatures vanquished

Table legend: (Time is in decaauts)
 A = Elapsed time spent in this place.
 B = Non-inter-level travel time spent in this place.
 C = Inter-level travel time spent in this place.
 D = Time resting spent in this place.
 E = Time spent auto-exploring this place.
 F = Levels seen in this place.
 G = Mean time per level.
                   A        B        C        D        E       F      G
               +--------+--------+--------+--------+--------+-----+--------+
         Total |  42995 |  40672 |   2323 |   1588 |  33109 |  18 | 2388.6 |
       Dungeon |  26605 |  25134 |   1471 |    927 |  20416 |  13 | 2046.5 |
          Lair |  16390 |  15539 |    851 |    661 |  12693 |   5 | 3278.0 |
               +--------+--------+--------+--------+--------+-----+--------+

Top non-repeatable levels by time:
  Lair:5: 5343 daAuts
  Lair:1: 3853 daAuts
    D:12: 3087 daAuts
    D:10: 3070 daAuts
  Lair:2: 3052 daAuts
  Lair:3: 2693 daAuts
     D:8: 2486 daAuts
     D:5: 2474 daAuts
     D:4: 2453 daAuts
     D:6: 2220 daAuts
     D:9: 2185 daAuts
     D:7: 2106 daAuts
     D:2: 1984 daAuts
    D:11: 1526 daAuts
     D:3: 1455 daAuts

Table legend:
 A = Non-vault XP
 B = Vault XP
 C = Vault XP percentage of total XP
 D = Non-vault monster count
 E = Vault monster count
 F = Vault count percentage of total count
                 A         B        C        D         E       F
            +---------+---------+-------+---------+---------+-------
      Total |   51106 |   44321 |  46.4 |     357 |     182 |  33.8
            +---------+---------+-------+---------+---------+-------
        D:1 |      41 |       0 |   0.0 |      23 |       0 |   0.0
        D:2 |      70 |      25 |  26.3 |      15 |       4 |  21.1
        D:3 |     132 |       0 |   0.0 |      18 |       0 |   0.0
        D:4 |     369 |       0 |   0.0 |      25 |       0 |   0.0
        D:5 |     895 |       0 |   0.0 |      22 |       0 |   0.0
        D:6 |     656 |       0 |   0.0 |      17 |       0 |   0.0
        D:7 |    1008 |    1316 |  56.6 |      21 |       6 |  22.2
        D:8 |    1631 |    3773 |  69.8 |      26 |      22 |  45.8
        D:9 |    2929 |    1634 |  35.8 |      25 |       2 |   7.4
       D:10 |    2584 |    1530 |  37.2 |      15 |      11 |  42.3
       D:11 |    2398 |    2107 |  46.8 |      17 |       3 |  15.0
       D:12 |    5617 |    2622 |  31.8 |      16 |       4 |  20.0
       D:13 |    2763 |    4885 |  63.9 |       9 |      18 |  66.7
     Lair:1 |    4324 |    2300 |  34.7 |      17 |       6 |  26.1
     Lair:2 |    8799 |     819 |   8.5 |      33 |       2 |   5.7
     Lair:3 |    7330 |    3275 |  30.9 |      25 |      12 |  32.4
     Lair:4 |    3154 |       0 |   0.0 |      11 |       0 |   0.0
     Lair:5 |    6406 |   20035 |  75.8 |      22 |      92 |  80.7
            +---------+---------+-------+---------+---------+-------
